 Dungeon Crawl Stone Soup version 0.27-a0-1184-ge86db4a01e (webtiles) character file.

Game seed: 15335413649518685726

665 ZappyNine the Sneak (level 7, 0/34 HPs)
             Began as a Vine Stalker Brigand on May 18, 2021.
             Was an Initiate of Vehumet.
             Succumbed to an orc's poison
             ... on level 6 of the Dungeon.
             The game lasted 00:07:08 (5507 turns).

ZappyNine the Sneak (Vine Stalker Brigand)          Turns: 5507, Time: 00:07:09

Health: 0/34       AC:  3    Str: 14    XL:     7   Next: 57%
Magic:  12/12      EV: 16    Int: 11    God:    Vehumet [......]
Gold:   276        SH:  0    Dex: 17    Spells: 10/11 levels left

rFire    . . .     SeeInvis .   a - +3 dagger
rCold    . . .     Faith    .   (no shield)
rNeg     . . .     Spirit   +   b - +0 robe
rPois    .         Reflect  .   (helmet currently unavailable)
rElec    .         Harm     .   c - +0 cloak
rCorr    .         Rampage  .   (no gloves)
Will     .....                  (boots currently unavailable)
Stlth    +++.......             (no amulet)
HPRegen  1.11/turn              l - +4 ring of evasion
MPRegen  0.13/turn              h - ring of wizardry

@: lethally poisoned (0 -> -2), appendages (expiring), hasted, studying Ice
Magic, very quick
A: horns 2, talons 2, fangs 2, regeneration 1, magic shield, antimagic bite, no
potion heal 2
a: End Transformation, Renounce Religion


You were on level 6 of the Dungeon.
You worshipped Vehumet.
Vehumet was noncommittal.
You had temporarily grown beastly horns and talons.
You visited 2 branches of the dungeon, and saw 7 of its levels.

You collected 276 gold pieces.

Inventory:

Hand Weapons
 a - a +3 dagger (weapon)
Missiles
 d - 27 poisoned darts (quivered)
 e - 2 curare-tipped darts
Armour
 b - a +0 robe (worn)
 c - a +0 cloak (worn)
Jewellery
 g - a +6 ring of intelligence
 h - a ring of wizardry (right hand)
 l - a +4 ring of evasion (left hand)
 u - a +6 ring of dexterity
Scrolls
 f - a scroll of immolation
 j - 5 scrolls of identify
 n - 2 scrolls of noise
 p - a scroll of amnesia {unknown}
 q - a scroll of blinking
 r - a scroll of teleportation
Potions
 i - a potion of heal wounds {unknown}
 k - a potion of resistance {unknown}
 m - 2 potions of curing {unknown}
 o - 2 potions of cancellation {unknown}
 s - a potion of ambrosia {unknown}
 x - 2 potions of brilliance
 z - a potion of attraction {unknown}


   Skills:
 - Level 1.7 Fighting
 - Level 4.6 Short Blades
 - Level 1.7 Throwing
 - Level 1.7 Dodging
 - Level 6.4 Stealth
 + Level 2.7 Spellcasting
 - Level 2.1 Transmutations
 * Level 4.3 Ice Magic


You had 10 spell levels left.
You knew the following spells:

 Your Spells              Type           Power      Damage    Failure   Level
a - Beastly Appendage     Tmut           12%        N/A       4%          1

Your spell library contained the following spells:

 Spells                   Type           Power      Damage    Failure   Level
 Wereblood                Tmut           6%         N/A       7%          2
 Animate Skeleton         Necr           2%         N/A       11%         1
 Apportation              Tloc           2%         N/A       11%         1
 Corona                   Hex            1%         N/A       11%         1
 Summon Small Mammal      Summ           4%         N/A       11%         1
 Call Imp                 Summ           1%         N/A       16%         2
 Spider Form              Tmut/Pois      1%         N/A       21%         3
 Ice Form                 Ice/Tmut       8%         N/A       26%         4
 Call Canine Familiar     Summ           1%         N/A       32%         3
 Summon Guardian Golem    Hex/Summ       1%         N/A       32%         3
 Summon Ice Beast         Ice/Summ       6%         N/A       38%         4
 Cause Fear               Hex            0%         N/A       69%         4
 Summon Lightning Spire   Summ/Air       1%         N/A       69%         4
 Hydra Form               Tmut           3%         N/A       73%         5
 Yara's Violent Unravell  Hex/Tmut       1%         3d3       86%         5
 Silence                  Hex/Air        0%         N/A       95%         5
 Discord                  Hex            0%         N/A       100%        8


Dungeon Overview and Level Annotations

Branches:
Dungeon (6/15)             Temple (1/1) D:4

Altars:
Ashenzari
Cheibriados
Elyvilon
Fedhas
Gozag
Makhleb
Nemelex Xobeh
Okawaru
Qazlal
Ru
Sif Muna
Trog
Uskayaw
Vehumet
Wu Jian
Xom
Yredelemnul
Zin
The Shining One


Innate Abilities, Weirdness & Mutations

You have temporarily grown beastly horns and talons.
You have extremely sharp teeth.
Your natural rate of healing is unusually fast.
When hurt, damage is shared between your health and your magic reserves.
Your bite disrupts and absorbs the magic of your enemies.
Potions cannot restore your health.


Message History

You kill the orc priest!
Vehumet accepts your kill.
Your transformation is almost over.
You feel very sick. The orc closely misses you. The orc completely misses you.
The orc barely misses you.
You feel very sick.
The orc hits you with a +0 dagger of venom.
You are more poisoned.
You feel very sick.
You hit the orc but do no damage. Your kick misses the orc.
You feel sick. The orc completely misses you.
Unknown command.
You completely miss the orc. Your headbutt misses the orc.
Your bite misses the orc.
You feel sick. The orc closely misses you. The orc misses you.
Unknown command.
You barely miss the orc. You claw the orc. Your bite misses the orc.
The orc is moderately wounded.
You feel sick. The orc hits you but does no damage.
You are lethally poisoned!
The orc misses you.
Unknown command.
You hit the orc but do no damage. You claw the orc, but do no damage.
You bite the orc, but do no damage.
The orc is moderately wounded.
* * * LOW HITPOINT WARNING * * *
You feel very sick. The orc closely misses you.
Unknown command.
* * * LOW HITPOINT WARNING * * *
You feel very sick.
* * * LOW HITPOINT WARNING * * *
You feel very sick.
It was a potion of magic.
Magic courses through your body.
* * * LOW HITPOINT WARNING * * *
You feel sick.
Unknown command.
It was a potion of haste.
You feel yourself speed up.
You die...

.....#.......#..
...............
............... ....
........)..####.....#
....................#
#######..o#..#......#.
###.## #........
#.o###........
#.o@..........
###..<..........
#...............
................#.
...####.........#
...........##...#
.....####### ..## ..
..( . ...


You could see 3 orcs.

Vanquished Creatures
  An ogre (D:5)
  2 scorpions (D:5)
  A howler monkey (D:6)
  A jelly (D:6)
  3 hounds
  An orc priest (D:6)
  2 iguanas (D:5)
  A hound skeleton (D:4)
  4 gnolls (D:3)
  6 adders
  An adder skeleton (D:4)
  2 adder zombies
  2 dart slugs (D:1)
  9 bats
  8 endoplasms
  6 giant cockroaches
  5 goblins
  11 hobgoblins
  10 jackals
  11 kobolds
  5 quokkas
  3 ball pythons
  6 frilled lizards
  2 jackal zombies (D:3)
  9 rats
112 creatures vanquished.

Vanquished Creatures (others)
  18 plants (D:3)
18 creatures vanquished.

Grand Total: 130 creatures vanquished

Notes
Turn   | Place    | Note
-------+----------+-------------------------------------------
     0 | D:1      | ZappyNine the Vine Stalker Brigand began the quest for the
                  | Orb.
     0 | D:1      | Reached XP level 1. HP: 11/11 MP: 2/2
     1 | D:1      | Found a runed translucent door.
   196 | D:1      | Reached skill level 5 in Stealth
   241 | D:1      | Reached XP level 2. HP: 15/15 MP: 3/3
   510 | D:1      | Reached XP level 3. HP: 18/18 MP: 4/4
  1384 | D:1      | Gained mutation: Your natural rate of healing is unusually
                  | fast. [Vine Stalker growth]
  1384 | D:1      | Reached XP level 4. HP: 10/23 MP: 5/5
  2267 | D:3      | Reached XP level 5. HP: 26/26 MP: 6/6
  2278 | D:3      | Reached skill level 1 in Dodging
  2336 | D:3      | Found a basalt altar of Yredelemnul.
  2419 | D:3      | Reached skill level 6 in Stealth
  2660 | D:3      | Found a burning altar of Makhleb.
  2660 | D:3      | Found a glowing golden altar of the Shining One.
  2660 | D:3      | Found a white marble altar of Elyvilon.
  3066 | D:4      | Found a staircase to the Ecumenical Temple.
  3091 | D:4      | Reached XP level 6. HP: 29/30 MP: 7/7
  3094 | Temple   | Entered the Ecumenical Temple
  3428 | Temple   | Became a worshipper of Vehumet
  4171 | D:4      | Learned a level 1 spell: Beastly Appendage
  4193 | D:5      | Entered Level 5 of the Dungeon
  4212 | D:5      | Found a glowing silver altar of Zin.
  4248 | D:5      | Reached skill level 1 in Spellcasting
  4248 | D:5      | Reached skill level 1 in Transmutations
  4306 | D:5      | Reached XP level 7. HP: 34/34 MP: 9/11
  4558 | D:5      | Identified a scroll of acquirement
  4558 | D:5      | Acquired a manual of Ice Magic
  4825 | D:5      | Reached skill level 1 in Ice Magic
  5506 | D:6      | HP: 1/34 [poisoned by an orc]
  5507 | D:6      | Succumbed to an orc's poison

Illustrated notes

Levels and vault maps discovered:
D:1:      dpeg_arrival_caged_fury, layout_loops_ring
D:2:      layout_basic
D:3:      wad_woods_settlement, layout_loops_ring,
          nicolae_yredelemnul_corpse_copse, gammafunk_temple_overflow_claw,
          dk_noncrumbling_2
D:4:      layout_loops_ring, temple_fountains, minivault_4,
          hangedman_feature_mirror
D:5:      layout_basic, zin_academy, minmay_misc_feat_columns
D:6:      minmay_bubble_buster, layout_cave_pools
Temple:   minmay_temple_curvy_branch

Skill      XL: |  1  2  3  4  5  6  7 |
---------------+----------------------+-----
Short Blades   | 2 3 4 |  4.6
Stealth        | 5 6 |  6.4
Dodging        | 1 |  1.7
Spellcasting   | 2 |  2.7
Transmutations | 2 |  2.1
Ice Magic      | 4 |  4.3
Fighting       | |  1.7
Throwing       | |  1.7

Action                   |  1- 3 |  4- 6 |  7- 9 || total
-------------------------+-------+-------+-------++-------
Melee: Dagger            |   145 |   209 |    39 ||   393
       Bite              |    31 |    56 |    11 ||    98
       Kick              |       |     1 |     8 ||     9
       Headbutt          |       |     1 |     6 ||     7
Throw: Dart              |       |     5 |       ||     5
 Cast: Beastly Appendage |       |     3 |     4 ||     7
  Use: Scroll            |       |     4 |     7 ||    11
       Potion            |       |     1 |     2 ||     3
 Stab: Sleeping          |     7 |    17 |     1 ||    25
       Invisible         |       |     1 |       ||     1
Armor: Robe              |    29 |    21 |     5 ||    55
Dodge: Dodged            |    57 |   133 |    30 ||   220

Table legend: (Time is in decaauts)
 A = Elapsed time spent in this place.
 B = Non-inter-level travel time spent in this place.
 C = Inter-level travel time spent in this place.
 D = Time resting spent in this place.
 E = Time spent auto-exploring this place.
 F = Levels seen in this place.
 G = Mean time per level.
                   A        B        C        D        E       F      G
               +--------+--------+--------+--------+--------+-----+--------+
         Total |   5434 |   5198 |    236 |    365 |   3990 |   7 |  776.3 |
       Dungeon |   5074 |   4929 |    145 |    365 |   3743 |   6 |  845.7 |
        Temple |    359 |    268 |     91 |      0 |    247 |   1 |  359.0 |
               +--------+--------+--------+--------+--------+-----+--------+

Top non-repeatable levels by time:
     D:1: 1382 daAuts
     D:5: 1227 daAuts
     D:3: 918 daAuts
     D:4: 760 daAuts
     D:2: 716 daAuts
  Temple: 359 daAuts
     D:6: 70 daAuts
